 Dungeon Crawl Stone Soup version 0.19-a0-1206-g6bcb79c (webtiles) character file.

657 jakamitsu the Chopper (level 7, -2/93 HPs)
             Began as a Minotaur Berserker on Aug 21, 2016.
             Was a Priest of Trog.
             Slain by a wight
             ... wielding a cursed +0 halberd
              (10 damage)
             ... on level 4 of the Dungeon.
             The game lasted 00:05:49 (2557 turns).

jakamitsu the Chopper (Minotaur Berserker)          Turns: 2557, Time: 00:05:49

Health: -2/93      AC: 11    Str: 27    XL:     7   Next: 29%
Magic:  6/6        EV:  7    Int:  4    God:    Trog [***...]
Gold:   137        SH:  0    Dex: 11    Spells: 0 memorised, 6 levels left

rFire  + . .     SeeInvis .     q - +0 war axe
rCold  . . .     Gourm    .     j - +0 plate armour
rNeg   . . .     Faith    .     (no shield)
rPois  .         Spirit   .     (helmet restricted)
rElec  .         Dismiss  .     (no cloak)
rCorr  .         Reflect  .     (no gloves)
MR     .....     Harm     .     (no boots)
Stlth  ..........               (no amulet)
                                (no ring)
                                l - ring of protection from fire

@: berserking, drained, very quick
A: retaliatory headbutt, horns 2
a: Berserk, Trog's Hand, Burn Spellbooks, Renounce Religion


You were on level 4 of the Dungeon.
You worshipped Trog.
Trog was most pleased with you.
You were not hungry.

You visited 1 branch of the dungeon, and saw 4 of its levels.

You collected 137 gold pieces.

Inventory:

Hand Weapons
 q - a +0 war axe (weapon)
Armour
 j - a +0 plate armour (worn)
Jewellery
 l - a ring of protection from fire (left hand)
Scrolls
 d - 3 scrolls of remove curse {unknown}
 e - 4 scrolls of enchant armour {unknown}
 g - a scroll of immolation {unknown}
 i - 2 scrolls of enchant weapon {unknown}
 o - 3 scrolls of identify {unknown}
 p - a scroll of fear {unknown}
 x - a scroll of recharging {unknown}
Potions
 a - a potion of flight {unknown}
 f - a potion of curing {unknown}
 h - a potion of magic {unknown}
 k - a potion of degeneration {unknown}
 n - a potion of heal wounds {unknown}
 r - a potion of haste {unknown}
 s - a potion of might {unknown}
 u - 2 potions of brilliance {unknown}
 v - a potion of invisibility {unknown}
 w - 2 potions of berserk rage {unknown}
Comestibles
 b - 2 meat rations
 c - 2 bread rations
 m - 4 chunks of flesh
 t - 3 fruits


   Skills:
 + Level 5.9(4.8) Fighting
 * Level 7.7(6.6) Axes
 + Level 5.3(4.2) Armour
 - Level 2.1(1.2) Dodging


You had 6 spell levels left.
You didn't know any spells.

Dungeon Overview and Level Annotations

Branches:
Dungeon (4/15)
 Temple: D:4-7

Altars:

Shops:
D:4 ?*


Innate Abilities, Weirdness & Mutations

You reflexively headbutt those who attack you in melee.
You have a pair of horns on your head.


Message History

* * * LOW HITPOINT WARNING * * *
The wight hits you from afar with a halberd.
* * * LOW HITPOINT WARNING * * *
You slice the wight!!
You destroy the wight!
Trog accepts your kill.
You closely miss the hound. The hound bites you but does no damage.
The wight hits you from afar with a halberd.
* * * LOW HITPOINT WARNING * * *
You closely miss the hound. Your headbutt misses the hound.
The hound barely misses you. The wight hits you but does no damage.
The hound bites you but does no damage.
You slice the hound!!
You kill the hound!
Trog accepts your kill.
You closely miss the wight. The wight completely misses you.
The wight barely misses you.
You barely miss the wight.
The wight hits you from afar with a halberd!
You die...

#..# #.# ##.#
#.# #.# #.#
#.######.#
#.#......#
#...######
####### ##..#
.......####..#
.......z@...∩#
...)..z#######
.......
.......
.......
.......
∩......
.......


You could see 2 wights.

Vanquished Creatures
  A giant frog (D:3)
  3 wights (D:4)
  2 orc priests (D:3)
  2 hounds (D:4)
  An iguana (D:4)
  3 orc wizards (D:3)
  2 worker ants (D:4)
  4 gnolls (D:3)
  4 adders
  A shadow imp (D:3)
  3 oozes
  3 worms
  4 dart slugs
  2 giant geckos
  9 orcs (D:3)
  5 bats
  5 giant cockroaches
  8 goblins
  8 hobgoblins
  2 jackals (D:2)
  7 kobolds
  3 quokkas
  A ball python (D:1)
  2 giant newts
  5 rats
90 creatures vanquished.

Notes
Turn   | Place    | Note
-------+----------+-------------------------------------------
     0 | D:1      | jakamitsu the Minotaur Berserker began the quest for the Orb.
     0 | D:1      | Reached XP level 1. HP: 19/19 MP: 0/0
   242 | D:1      | Reached skill level 4 in Axes
   242 | D:1      | Reached XP level 2. HP: 27/27 MP: 1/1
   638 | D:1      | Reached XP level 3. HP: 11/33 MP: 2/2
  1170 | D:2      | Reached ** piety under Trog
  1257 | D:2      | Reached skill level 5 in Axes
  1273 | D:2      | Reached XP level 4. HP: 41/41 MP: 3/3
  1733 | D:3      | Reached XP level 5. HP: 24/47 MP: 4/4
  1964 | D:3      | Reached skill level 6 in Axes
  1980 | D:3      | Reached skill level 5 in Fighting
  1980 | D:3      | Reached XP level 6. HP: 48/56 MP: 5/5
  2047 | D:3      | Reached *** piety under Trog
  2424 | D:4      | Reached skill level 7 in Axes
  2501 | D:4      | Reached skill level 5 in Armour
  2507 | D:4      | Found Sules's Assorted Antiques.
  2535 | D:4      | Reached XP level 7. HP: 54/62 MP: 6/6
  2536 | D:4      | Found Pyseug's Magic Scroll Emporium.
  2557 | D:4      | Slain by a wight

Vault maps used:
D:1:      dpeg_arrival_line_fractal, minmay_pentomino_x2
D:4:      first_bread, serial_shops, shop_statue, kennysheep_mini, shop,
          shop_statue, shop, uniq_eustachio

Skill      XL: |  1  2  3  4  5  6 |
---------------+-------------------+-----
Axes           | 4 5 6 7 |  7.7
Fighting       | 4 5 |  5.9
Armour         | 3 4 5 |  5.3
Dodging        | |  2.1

Action                   |  1- 3 |  4- 6 |  7- 9 || total
-------------------------+-------+-------+-------++-------
Melee: Hand axe          |    89 |    11 |       ||   100
       Headbutt          |    13 |    20 |     2 ||    35
       War axe           |       |   144 |    17 ||   161
Invok: Berserk           |       |       |     1 ||     1
 Stab: Sleeping          |     2 |       |       ||     2
       Distracted        |     1 |       |       ||     1
  Eat: Chunk             |     1 |     5 |       ||     6
Armor: Animal skin       |     2 |       |       ||     2
       Plate armour      |    34 |    91 |    10 ||   135
Dodge: Dodged            |    37 |    57 |     7 ||   101
